 Dungeon Crawl Stone Soup version 0.22-a0-293-gc9362ec (webtiles) character file.

135505 Amnesiac the Deadly Accurate (level 17, -13/193 HPs)
             Began as an Ogre Fighter on Mar 24, 2018.
             Was a High Priest of Okawaru.
             Killed from afar by a deep elf sorcerer (32 damage)
             ... with damnation
             ... on level 3 of the Elven Halls.
             The game lasted 01:01:00 (30495 turns).

Amnesiac the Deadly Accurate (Ogre Fighter)        Turns: 30495, Time: 01:01:00

Health: -13/193    AC: 22    Str: 36    XL:     17   Next: 19%
Magic:  18/23      EV: 13    Int:  7    God:    Okawaru [*****.]
Gold:   2601       SH: 27    Dex:  8    Spells: 16/16 levels left

rFire    . . .     SeeInvis .   a - +1 demon trident (elec)
rCold    + + .     Gourm    .   X - +5 large shield of Okawaru's Approval {rCorr}
rNeg     + . .     Faith    +   g - +2 ice dragon scales
rPois    .         Spirit   .   h - +2 hat
rElec    .         Reflect  .   Q - +1 cloak of the Constellations {rN+ rCorr Str+3 Int-2}
rCorr    +         Harm     .   (gloves unavailable)
MR       ++...                  (boots unavailable)
Stlth    +.........             c - amulet "Lura" {Faith +Blink rC+}
HPRegen  0.42/turn              (no ring)
MPRegen  0.18/turn              N - ring of Onicoczyde {Fire +Fly MR+ Str+4}

@: lethally poisoned (-13 -> -13), heroism, finesse, very slightly contaminated,
drained
A: large, unfitting armour, tough skin 1
a: Heroism, Finesse, Renounce Religion, Evoke Blink, Evoke Flight


You were on level 3 of the Elven Halls.
You worshipped Okawaru.
Okawaru was extremely pleased with you.
You were not hungry.

You visited 4 branches of the dungeon, and saw 21 of its levels.
You also visited: Sewer and Ossuary.

You collected 2948 gold pieces.
You spent 347 gold pieces at shops.

Inventory:

Hand Weapons
 a - a +1 demon trident of electrocution (weapon)
 b - a +4 blowgun
Missiles
 q - 19 needles of confusion
 r - 133 stones (quivered)
 L - 27 poisoned needles
Armour
 g - +2 ice dragon scales (worn)
 h - a +2 hat (worn)
 o - a scarf of cloud immunity
 O - the +3 shield of Vanity {rC+ Str+3, unknown}
   (You took it off Donald on level 3 of the Elven Halls)

   It affects your strength (+3).
   It protects you from cold.
 P - a scarf of resistance
 Q - the +1 cloak of the Constellations (worn) {rN+ rCorr Str+3 Int-2}
   (You found it on level 12 of the Dungeon)

   It affects your strength (+3).
   It affects your intelligence (-2).
   It protects you from negative energy.
   It protects you from acid and corrosion.
 X - the +5 large shield of Okawaru's Approval (worn) {rCorr}
   (Okawaru gifted it to you on level 1 of the Elven Halls)

   It protects you from acid and corrosion.
Jewellery
 c - the amulet "Lura" (around neck) {Faith +Blink rC+}
   (You acquired it on level 2 of the Elven Halls)

   [amulet of faith]

   It allows you to gain divine favour quickly.
   It protects you from cold.
   It lets you blink.
 j - an uncursed ring of see invisible
 p - the ring of Hieziac {rElec rPois MR++ Dex+2 Stlth+}
   (You acquired it on level 2 of the Elven Halls)

   [ring of stealth]

   It affects your dexterity (+2).
   It insulates you from electricity.
   It protects you from poison.
   It affects your resistance to hostile enchantments.
   It makes you more stealthy.
 w - the ring of Phasing {EV+8}
   (You acquired it on level 2 of the Elven Halls)

   [ring of evasion]

   It affects your evasion (+8).
 y - the ring "Fiucki" {*Slow rPois rF+ rN+++ Str+3, unknown}
   (You took it off a deep elf annihilator on level 3 of the Elven Halls)

   [ring of protection from fire]

   It affects your strength (+3).
   It protects you from fire.
   It protects you from poison.
   It renders you almost immune to negative energy.
   It may slow you when you take damage.
 z - the amulet "Fyrevok" {Reflect +Blink rN+ Str+2 SH+4, unknown}
   (You took it off a deep elf death mage on level 3 of the Elven Halls)

   [amulet of reflection]

   It shields you and reflects attacks.
   It affects your strength (+2).
   It protects you from negative energy.
   It lets you blink.
   It affects your SH (+4).
 N - the ring of Onicoczyde (right hand) {Fire +Fly MR+ Str+4}
   (You acquired it on level 7 of the Dungeon)

   [ring of fire]

   It enhances your fire magic.
   It affects your strength (+4).
   It protects you from fire.
   It makes you vulnerable to cold.
   It affects your resistance to hostile enchantments.
   It lets you fly.
 T - the ring of Qaakumiff {-Tele rPois rF+ rC+ Str+2 Int+3}
   (You took it off a kobold on level 14 of the Dungeon)

   [ring of intelligence]

   It affects your strength (+2).
   It affects your intelligence (+3).
   It protects you from fire.
   It protects you from cold.
   It protects you from poison.
   It prevents most forms of teleportation.
Wands
 A - a wand of enslavement (6)
 B - a wand of paralysis (24)
 C - a wand of polymorph (23)
 J - a wand of iceblast (5)
 K - a wand of flame (13)
 S - a wand of disintegration (15)
Scrolls
 e - 7 scrolls of remove curse {!r}
 m - a scroll of blinking {!r}
 s - 6 scrolls of amnesia {!r}
 t - 2 scrolls of fog {!r}
 x - 3 scrolls of magic mapping {!r}
 D - 14 scrolls of teleportation {!r}
 E - 6 scrolls of identify {!r}
 H - 7 scrolls of fear {!r}
 R - a scroll of enchant weapon {!r}
 Y - a scroll of enchant armour {!r}
Potions
 d - 4 potions of might {!q}
 i - 7 potions of haste {!q}
 k - 4 potions of mutation {!q}
 l - 2 potions of agility {!q}
 n - 4 potions of flight {!q}
 u - 8 potions of curing {!q}
 v - 4 potions of lignification {!q}
 F - a potion of cancellation {!q}
 I - 2 potions of brilliance {!q}
 M - a potion of berserk rage {!q}
 U - 2 potions of heal wounds {!q}
 V - a potion of ambrosia {!q}
Comestibles
 f - 27 rations
 G - 5 chunks of flesh


   Skills:
 + Level 17.7(22.3) Fighting
 - Level 2.0(6.7) Polearms
 * Level 19.1(23.7) Throwing
 - Level 9.0(13.7) Armour
 - Level 9.0(13.6) Dodging
 - Level 9.0(13.6) Shields
 - Level 8.0(7.7) Invocations


You had 16 spell levels left.
You didn't know any spells.

Dungeon Overview and Level Annotations

Branches:
Dungeon (15/15)            Temple (1/1) D:7            Lair (0/6) D:8
    Orc (2/2) D:9             Elf (3/3) Orc:2        Vaults (0/5) D:14
 Depths (0/5) D:15

Altars:
Ashenzari
Cheibriados
Dithmenos
Elyvilon
Fedhas
Gozag
Hepliaklqana
Kikubaaqudgha
Makhleb
Nemelex Xobeh
Okawaru
Qazlal
Ru
Sif Muna
Trog
Uskayaw
Vehumet
Wu Jian
Xom
Yredelemnul
Zin
The Shining One
Beogh

Shops:
D:10 !!   Orc:2 (!}?

Portals:
Pandemonium: Orc:2


Innate Abilities, Weirdness & Mutations

You are too large for most types of armour.
You have tough skin. (AC +1)


Message History

You throw a javelin of penetration.
The javelin of penetration barely misses the deep elf sorcerer.
The javelin of penetration barely misses the deep elf annihilator.
The deep elf sorcerer hits you but does no damage.
Unknown command.
You impale the deep elf sorcerer!!
The deep elf sorcerer is severely wounded.
You hit the deep elf sorcerer but do no damage.
The deep elf sorcerer is severely wounded.
The deep elf sorcerer completely misses you.
You closely miss the deep elf sorcerer.
The deep elf sorcerer is severely wounded.
The deep elf annihilator casts a spell at you.
The poison arrow hits you!
You are poisoned.
You partially resist.
* * * LOW HITPOINT WARNING * * *
The deep elf sorcerer points at you and mumbles some strange words.
You resist with almost no effort.
You puncture the deep elf sorcerer!
Lightning courses through the deep elf sorcerer!
The deep elf sorcerer is almost dead.
You feel sick.
The deep elf sorcerer hits you with a long sword of electrocution.
* * * LOW HITPOINT WARNING * * *
You are electrocuted!
* * * LOW HITPOINT WARNING * * *
The deep elf annihilator gestures at you while chanting.
The bolt of lightning hits you!
* * * LOW HITPOINT WARNING * * *
Unknown command.
Really read
m - 2 scrolls of blinking {!r}?
You cannot blink because you are wearing the ring of Qaakumiff {-Tele rPois rF+ rC+ Str+2 Int+3}.
Unknown command.
Really quaff
U - 3 potions of heal wounds {!q}?
You feel much better.
You feel sick.
The deep elf sorcerer hits you with a long sword of electrocution.
* * * LOW HITPOINT WARNING * * *
You block the deep elf annihilator's attack.
Put on which piece of jewellery? (? for menu, Esc to quit)
You remove the ring of Qaakumiff {-Tele rPois rF+ rC+ Str+2 Int+3}.
You feel stupid.
Really read
m - 2 scrolls of blinking {!r}?
Blink to where?
Press: ? - help, Dir - move target cursor, p - deep elf sorcerer You are very lightly contaminated with residual magic.
As you read the scroll of blinking {!r}, it crumbles to dust.
You feel sick.
You feel sick.
Items here: ( )) [ a scimitar; a shortbow; 24 arrows; a scale mail You are no longer corroded.
You feel sick.
Things that are here:
a dagger of venom; a leather armour
Things that are here:
a battleaxe; an elf skeleton You feel sick.
Things that are here:
a runed animal skin {god gift}; an enchanted dagger You feel sick.
The deep elf sorcerer gestures at you while chanting.
The sphere of damnation explodes!
The damnation engulfs you!
You die...

# ###. ..# #.# #.# #.#
#.# #.###########
##)##..)))[@.#########
##...#e######.........#
#......# #..######.#
##...### #..# #.# ##.##
#..#### #.# ##.##
#.....# #.# #####...#
####.##.# #.#
##....)(.#
#....##)###.#
.##..e...##
#.#..#.#)##)#


You could see a deep elf sorcerer.

Vanquished Creatures
  2 deep elf blademasters
  Frances (D:13)
  Agnes (Elf:1)
  Donald (Elf:3)
  A deep elf sorcerer (Elf:3)
  Louise (Elf:2)
  2 deep elf elementalists (Elf:3)
  2 deep elf demonologists (Elf:3)
  3 deep elf annihilators (Elf:3)
  Nessos (D:13)
  4 deep elf death magi
  2 rakshasas (D:15)
  Erolcha (D:9)
  A deep elf high priest (Elf:3)
  The ghost of grindst0ne the Fighter, a journeyman DsGl of Qazlal (D:11)
  Fannar (D:10)
  A hydra (D:15)
  23 dancing weapons
  2 centaur warriors (D:13)
  4 two-headed ogres
  2 tengu warriors (D:14)
  3 orc high priests
  A sun demon (Orc:2)
  12 deep elf knights
  A fire crab (shapeshifter) (D:15)
  3 skeletal warriors (D:11)
  2 torturous demonspawn (Orc:2)
  A glowing orange brain (D:15)
  6 deep elf archers
  A gelid demonspawn (Orc:2)
  Pikel (D:9)
  5 orc knights (Orc:2)
  15 ugly things
  56 deep elf magi
  11 orc sorcerers (Orc:2)
  4 cyclopes
  5 manticores
  3 rust devils
  4 orange demons (D:14)
  3 centaur zombies
  6 centaur skeletons
  3 gargoyles
  2 komodo dragons
  2 kobold demonologists
  2 efreet
  2 hellwings (Orc:2)
  8 trolls
  2 hornets
  14 slime creatures
  Prince Ribbit (D:7)
  A hornet (shapeshifter) (D:15)
  Grinder (D:5)
  8 hippogriffs
  A centaur simulacrum (D:15)
  4 shadows (D:15)
  A vampire (D:11)
  5 water elementals
  4 air elementals
  5 wraiths
  9 yaks
  3 wyverns
  A human (D:4)
  Eustachio (D:5)
  A golden eye (shapeshifter) (D:15)
  3 fire elementals
  Grum (D:10)
  A basilisk (D:13)
  2 chaos spawn (Orc:2)
  2 hungry ghosts
  A warg (D:9)
  3 vampire mosquitoes (D:14)
  Menkaure (D:7)
  2 soldier ants (D:9)
  An acid dragon (D:15)
  A water moccasin (D:9)
  A naga (shapeshifter) (D:14)
  6 sky beasts
  3 black bears
  2 ice beasts
  47 orc warriors
  8 ogres
  3 slaves (D:9)
  An eye of draining (D:13)
  7 phantoms
  3 wolves (D:10)
  A necrophage (D:15)
  2 crocodiles
  9 centaurs
  6 big kobolds
  7 bullfrogs
  3 elf skeletons (D:4)
  3 earth elementals
  An elf zombie (D:4)
  A wyvern skeleton (D:14)
  A water moccasin skeleton (D:5)
  16 scorpions
  3 howler monkeys
  16 wights
  An electric eel (D:15)
  6 hounds
  8 crimson imps
  9 jellies
  31 orc priests
  30 orc wizards
  2 bullfrog skeletons
  7 iguanas
  5 worker ants
  A mummy (Ossuary)
  4 worker ant zombies
  5 gnolls
  A howler monkey skeleton (D:9)
  11 adders
  2 river rats (Sewer)
  3 shadow imps
  2 oozes
  An adder zombie (D:9)
  An adder skeleton (D:4)
  3 worms
  A dart slug (D:2)
  7 leopard geckos
  98 orcs
  10 giant cockroaches
  9 hobgoblins
  16 jackals
  27 kobolds
  5 quokkas
  6 ball pythons
  4 bats
  10 frilled lizards
  10 gnoll skeletons (Ossuary)
  5 goblins
  5 kobold skeletons (Ossuary)
  A kobold zombie (D:4)
  2 leopard gecko skeletons
  12 orc skeletons
  A quokka skeleton (D:4)
  2 quokka zombies
  20 rats
833 creatures vanquished.

Vanquished Creatures (collateral kills)
  An orc high priest (Orc:2)
1 creature vanquished.

Vanquished Creatures (others)
  A deep elf annihilator (Elf:3)
  A red devil (Orc:2)
  A water elemental (Elf:1)
  A slave (D:9)
  An orc wizard (D:5)
  An orc (Orc:2)
  2 fungi (D:8)
8 creatures vanquished.

Grand Total: 842 creatures vanquished

Notes
Turn   | Place    | Note
-------+----------+-------------------------------------------
     0 | D:1      | Amnesiac the Ogre Fighter began the quest for the Orb.
     0 | D:1      | Reached XP level 1. HP: 24/24 MP: 1/1
    93 | D:1      | Reached skill level 1 in Throwing
   197 | D:1      | Reached skill level 2 in Throwing
   197 | D:1      | Reached XP level 2. HP: 22/32 MP: 2/2
   483 | D:1      | Reached XP level 3. HP: 31/39 MP: 3/3
   905 | D:2      | Reached skill level 3 in Throwing
  1203 | D:2      | Found a white marble altar of Elyvilon.
  1227 | D:2      | Found a blossoming altar of Fedhas.
  1347 | D:2      | Reached XP level 4. HP: 47/48 MP: 4/4
  1350 | D:2      | Found a snail-covered altar of Cheibriados.
  1398 | D:2      | Found a shattered altar of Ashenzari.
  1404 | D:2      | Found a burning altar of Makhleb.
  1766 | D:3      | Found a stormy altar of Qazlal.
  1906 | D:3      | Found a glowing golden altar of the Shining One.
  2143 | D:4      | Reached skill level 4 in Throwing
  2150 | D:4      | Reached XP level 5. HP: 39/54 MP: 5/5
  2314 | D:4      | Reached skill level 5 in Throwing
  2349 | D:4      | Reached XP level 6. HP: 57/65 MP: 6/6
  2351 | D:4      | Found a sand-covered staircase.
  2375 | D:4      | Reached skill level 5 in Fighting
  2406 | D:4      | Reached skill level 6 in Throwing
  2426 | D:4      | Noticed a phantom
  2470 | D:4      | Killed a phantom
  2470 | D:4      | Reached XP level 7. HP: 47/74 MP: 7/7
  2746 | D:4      | Reached skill level 7 in Throwing
  2822 | Ossuary  | Entered an ossuary
  2822 | Ossuary  | Noticed a wraith
  2822 | Ossuary  | Noticed a wraith
  2822 | Ossuary  | Noticed a wraith
  3000 | Ossuary  | Noticed a wraith
  3076 | Ossuary  | Killed a wraith
  3076 | Ossuary  | Reached XP level 8. HP: 17/84 MP: 8/8
  3576 | D:4      | Found a runed door.
  3580 | D:4      | Found a basalt altar of Yredelemnul.
  3686 | D:4      | Reached skill level 8 in Throwing
  3849 | D:5      | Entered Level 5 of the Dungeon
  4028 | D:5      | Found a radiant altar of Vehumet.
  4234 | D:5      | Found a hazy altar of Hepliaklqana.
  4363 | D:5      | Reached skill level 9 in Throwing
  4400 | D:5      | Noticed Eustachio
  4411 | D:5      | Found a glowing drain.
  4423 | Sewer    | Entered a sewer
  4914 | D:5      | Killed Eustachio
  4945 | D:5      | Reached XP level 9. HP: 92/97 MP: 9/9
  5553 | D:5      | Noticed Grinder
  5560 | D:5      | Paralysed by Grinder for 4 turns
  5581 | D:5      | Paralysed by Grinder for 3 turns
  5584 | D:5      | Killed Grinder
  5584 | D:5      | Reached skill level 10 in Throwing
  6965 | D:6      | Reached skill level 10 in Fighting
  7306 | D:7      | Reached skill level 11 in Throwing
  7475 | D:7      | Reached XP level 10. HP: 104/111 MP: 10/10
  7679 | D:7      | Noticed Menkaure
  7686 | D:7      | Killed Menkaure
  8090 | D:7      | Found a staircase to the Ecumenical Temple.
  8342 | D:6      | Noticed a rust devil
  8342 | D:6      | Noticed a rust devil
  8389 | Temple   | Entered the Ecumenical Temple
  8464 | D:7      | Reached skill level 12 in Throwing
  8572 | D:7      | Noticed Prince Ribbit
  8823 | D:7      | Killed Prince Ribbit
  8910 | D:7      | Identified a scroll of acquirement {!r}
  8952 | D:7      | Got a pitted wooden ring
  8954 | D:7      | Identified the ring of Onicoczyde {Fire +Fly MR+ Str+4} (You acquired it on level 7 of the Dungeon)
  9072 | D:7      | Killed a rust devil
  9204 | D:7      | Killed a rust devil
  9621 | D:8      | Reached skill level 13 in Throwing
  9629 | D:8      | Found a bloodstained altar of Trog.
  9636 | D:8      | Found an iron altar of Okawaru.
  9784 | D:8      | Noticed a two-headed ogre
  9788 | D:8      | Found a deep blue altar of Sif Muna.
  9894 | D:8      | Killed a two-headed ogre
  9894 | D:8      | Reached XP level 11. HP: 49/124 MP: 11/11
 10166 | D:8      | Found a staircase to the Lair.
 10243 | D:9      | Noticed Pikel
 10285 | D:9      | Killed Pikel
 10756 | D:9      | Reached skill level 14 in Throwing
 10768 | D:9      | Found a roughly hewn altar of Beogh.
 10768 | D:9      | Found a staircase to the Orcish Mines.
 10995 | D:8      | Became a worshipper of Warmaster Okawaru
 11343 | D:9      | Noticed Erolcha
 11350 | D:9      | Killed Erolcha
 11500 | D:10     | Entered Level 10 of the Dungeon
 11500 | D:10     | Noticed a two-headed ogre
 11516 | D:10     | Noticed Grum
 11517 | D:10     | Killed a two-headed ogre
 11532 | D:9      | Reached * piety under Okawaru
 11749 | D:10     | Killed Grum
 11790 | D:10     | Noticed Fannar
 11816 | D:10     | Killed Fannar
 11816 | D:10     | Reached XP level 12. HP: 47/137 MP: 12/12
 12193 | D:10     | Found Qobrial's Distillery.
 12202 | D:10     | Bought a potion of mutation for 96 gold pieces
 12202 | D:10     | Bought a potion of berserk rage for 60 gold pieces
 12202 | D:10     | Bought a potion of flight for 36 gold pieces
 12202 | D:10     | Bought a potion of degeneration for 12 gold pieces
 12202 | D:10     | Bought a potion of agility for 48 gold pieces
 12370 | D:10     | Reached skill level 15 in Throwing
 12389 | D:10     | Found Ewosobon's Distillery.
 12408 | D:10     | Reached ** piety under Okawaru
 12426 | D:10     | Bought a potion of curing for 42 gold pieces
 12426 | D:10     | Bought a potion of lignification for 42 gold pieces
 12629 | Orc:1    | Entered Level 1 of the Orcish Mines
 13163 | Orc:1    | Noticed an orc high priest
 13214 | D:9      | Killed an orc high priest
 13219 | D:9      | HP: 4/139 [warg[an orc high priest] (4)]
 13877 | Orc:1    | Found a roughly hewn altar of Beogh.
 13971 | Orc:2    | Entered Level 2 of the Orcish Mines
 14247 | Orc:2    | Reached *** piety under Okawaru
 14533 | Orc:2    | Noticed a two-headed ogre
 14540 | Orc:2    | Killed a two-headed ogre
 14540 | Orc:2    | Reached **** piety under Okawaru
 14845 | Orc:2    | Found a staircase to the Elven Halls.
 14901 | Orc:2    | Reached skill level 16 in Throwing
 15246 | Orc:2    | Reached skill level 15 in Fighting
 15473 | Orc:1    | Found a roughly hewn altar of Beogh.
 15758 | Orc:2    | Noticed a sun demon
 16353 | Orc:2    | Found Zymmouce's Magic Scroll Shop.
 17273 | Orc:2    | Found Valewor's Distillery.
 17318 | Orc:2    | Killed a sun demon
 17340 | Orc:2    | Reached XP level 13. HP: 141/150 MP: 13/13
 17413 | Orc:2    | Bought a scroll of noise for 11 gold pieces
 17646 | Orc:2    | HP: 7/150 [red devil/trident (15)]
 17657 | Orc:2    | HP: 5/150 [red devil/trident (6)]
 18181 | Orc:2    | Reached ***** piety under Okawaru
 18212 | Orc:2    | Reached skill level 17 in Throwing
 18232 | Orc:2    | Paralysed by an orc sorcerer for 3 turns
 18240 | Orc:2    | Received a gift from Okawaru
 18336 | Orc:2    | Received a gift from Okawaru
 18544 | Orc:2    | Paralysed by an orc sorcerer for 2 turns
 18728 | Orc:2    | Found Lyirown's Gadget Emporium.
 18728 | Orc:2    | Found Jalod's Antique Weapon Shoppe.
 18729 | Orc:2    | Found a one-way gate leading to the halls of Pandemonium.
 19049 | D:11     | Noticed grindst0ne's ghost (journeyman DsGl)
 19061 | D:11     | Killed grindst0ne's ghost
 19229 | D:11     | Received a gift from Okawaru
 19420 | D:11     | Reached skill level 5 in Invocations
 19451 | D:11     | Received a gift from Okawaru
 20471 | D:12     | Reached XP level 14. HP: 162/162 MP: 19/19
 20623 | D:12     | Got a faintly glowing cloak
 20639 | D:12     | Identified the +1 cloak of the Constellations {rN+ rCorr Str+3 Int-2} (You found it on level 12 of the Dungeon)
 20936 | D:13     | Reached skill level 1 in Armour
 20991 | D:13     | Received a gift from Okawaru
 21335 | D:13     | Noticed Frances
 21355 | D:13     | Killed Frances
 21355 | D:13     | Received a gift from Okawaru
 21651 | D:13     | Noticed Nessos
 21663 | D:13     | Killed Nessos
 22577 | D:14     | Reached skill level 18 in Throwing
 22590 | D:14     | Found a gate to the Vaults.
 22665 | D:14     | Reached skill level 5 in Armour
 23032 | D:14     | Got a brightly glowing wooden ring
 23200 | D:14     | Identified the ring of Qaakumiff {-Tele rPois rF+ rC+ Str+2 Int+3} (You took it off a kobold on level 14 of the Dungeon)
 23301 | D:14     | Received a gift from Okawaru
 23342 | D:14     | Found a shimmering altar of Xom.
 23387 | D:14     | Reached ****** piety under Okawaru
 23777 | D:15     | Entered Level 15 of the Dungeon
 23856 | D:15     | Reached XP level 15. HP: 170/170 MP: 21/21
 25118 | D:15     | Found a staircase to the Depths.
 25477 | Elf:1    | Entered Level 1 of the Elven Halls
 26013 | Elf:1    | Found an ancient bone altar of Kikubaaqudgha.
 26149 | Elf:1    | Received a gift from Okawaru
 26164 | Elf:1    | Reached skill level 5 in Dodging
 26164 | Elf:1    | Reached skill level 5 in Shields
 26508 | Elf:1    | Noticed Agnes
 26517 | Elf:1    | Killed Agnes
 26581 | Elf:1    | Received a gift from Okawaru
 26614 | Elf:1    | Got a heavily runed large shield {god gift}
 26644 | Elf:1    | Identified the +5 large shield of Okawaru's Approval {rCorr} (Okawaru gifted it to you on level 1 of the Elven Halls)
 27489 | Elf:2    | Reached XP level 16. HP: 180/180 MP: 22/22
 27548 | Elf:2    | Noticed Louise
 27562 | Elf:2    | Killed Louise
 28157 | Elf:2    | Found a huge runed gate.
 28160 | Elf:2    | Found a huge runed gate.
 28160 | Elf:2    | Found a huge runed gate.
 28162 | Elf:2    | Found a huge runed gate.
 28162 | Elf:2    | Found a huge runed gate.
 28352 | Elf:2    | Noticed a deep elf blademaster
 28400 | Elf:2    | Killed a deep elf blademaster
 28648 | Elf:2    | Received a gift from Okawaru
 29019 | Elf:2    | Found the ring of Phasing {EV+8}
 29021 | Elf:2    | Got a coiled steel amulet
 29021 | Elf:2    | Got an ancient lapis lazuli ring
 29023 | Elf:2    | Identified the amulet "Lura" {Faith +Blink rC+} (You acquired it on level 2 of the Elven Halls)
 29024 | Elf:2    | Identified the ring of Hieziac {rElec rPois MR++ Dex+2 Stlth+} (You acquired it on level 2 of the Elven Halls)
 29362 | Elf:3    | Identified a paperback manual
 29362 | Elf:3    | Entered Level 3 of the Elven Halls
 29400 | Elf:3    | Noticed Donald
 29418 | Elf:3    | Killed Donald
 29431 | Elf:3    | Got a slimy shield
 29491 | Elf:3    | Received a gift from Okawaru
 29565 | Elf:3    | Received a gift from Okawaru
 29572 | Elf:3    | Got a scorched iron ring
 29634 | Elf:3    | Noticed a deep elf blademaster
 29680 | Elf:3    | Killed a deep elf blademaster
 29680 | Elf:3    | Reached XP level 17. HP: 32/192 MP: 16/23
 30361 | Elf:3    | Received a gift from Okawaru
 30367 | Elf:3    | Got a clouded tin amulet
 30390 | Elf:3    | Reached skill level 19 in Throwing
 30486 | Elf:3    | HP: 6/193 [deep elf annihilator/bolt of lightning (37)]
 30495 | Elf:3    | Killed from afar by a deep elf sorcerer

Vault maps used:
D:1:      minmay_arrival_three_doors, nrook_mini_vaults
D:2:      fedhas_altar_2, cheibriados_altar_1, elyvilon_altar_3, minitemple
D:3:      old_standard_altar, kennysheep_flooded_box
D:4:      nicolae_ossuary_entry_catacombs, dk_yredelemnul_ordeal
D:5:      marbit_many_paths, lemuel_coloured_pillars_altar,
          gup_sewer_entry_pipe, first_ration, uniq_grinder, uniq_eustachio
D:6:      cheibrodos_iron_armory
D:7:      minmay_temple_entry_nine_rooms, grunt_ministairs_7,
          minmay_joined_circles, uniq_menkaure, uniq_prince_ribbit1
D:8:      bloody_trog, nicolae_overflow_hidden_temple,
          grunt_lair_entry_orc_guard_hut, basic_altar
D:9:      david_orc_5, hangedman_pestilent_swarm, uniq_pikel, uniq_erolcha
D:10:     serial_shops, shop, shop_fountains, uniq_fannar, uniq_grum
D:13:     kennysheep_generic_room_15, uniq_frances, uniq_nessos
D:14:     erik_vaults_1, basic_altar, minmay_misc_feat_iff,
          einodemon_barbed_minivault
D:15:     gammafunk_enter_depths_forms, hangedman_abyss_or_decor_stagger,
          evilmike_surprise_oklob
Temple:   nicolae_temple_no_exploring_needed
Orc:1:    basic_altar, mines1_david
Orc:2:    pf_orc_diabolical, minmay_orc_keep
Elf:1:    minmay_elf_arrival_plus, basic_altar, minivault_28, uniq_agnes
Elf:2:    spider_trap, item_on_display_a, uniq_louise
Elf:3:    grunt_elf_hall_diamonds, small_statue_intersection,
          grunt_ministairs_13, uniq_donald
Sewer:    sewer_co_cracked_pipes
Ossuary:  ossuary_due_mausoleum

Skill      XL: |  1  2  3  4  5  6  7  8  9 10 11 12 13 14 15 16 17 |
---------------+----------------------------------------------------+-----
Throwing       | 2 3 4 5 6 7 9 11 13 14 16 17 18 19 | 19.1
Fighting       | 5 6 8 10 12 13 15 16 17 | 17.7
Invocations    | 7 8 |  8.0
Armour         | 8 9 |  9.0
Dodging        | 7 9 |  9.0
Shields        | 7 9 |  9.0
Polearms       | |  2.0

Action                   |  1- 3 |  4- 6 |  7- 9 | 10-12 | 13-15 | 16-18 || total
-------------------------+-------+-------+-------+-------+-------+-------++-------
Melee: Trident           |   161 |   188 |   133 |       |       |       ||   482
       Spear             |       |       |       |   348 |     3 |       ||   351
       Demon trident     |       |       |       |       |    62 |   178 ||   240
 Fire: Blowgun           |       |       |       |    27 |    40 |       ||    67
Throw: Stone             |       |    33 |   753 |   897 |   639 |   245 ||  2567
       Javelin           |       |     3 |    23 |       |    88 |    24 ||   138
       Large rock        |       |       |       |    46 |   134 |   154 ||   334
       Tomahawk          |       |       |       |   224 |   414 |     6 ||   644
Invok: Heroism           |       |       |       |     1 |     4 |    10 ||    15
       Finesse           |       |       |       |       |     2 |     9 ||    11
Evoke: Wand              |       |       |       |     6 |     5 |       ||    11
  Use: Scroll            |       |       |       |    22 |     3 |     8 ||    33
       Potion            |       |       |       |     3 |     3 |     2 ||     8
 Stab: Paralysed         |       |       |       |     7 |     4 |       ||    11
       Confused          |       |       |       |     1 |       |       ||     1
       Invisible         |       |       |       |       |     1 |       ||     1
  Eat: Chunk             |     2 |     4 |    18 |    32 |    23 |     9 ||    88
       Ration            |       |       |       |     1 |     2 |       ||     3
Armor: Ice dragon scales |    69 |    76 |   246 |   346 |   207 |    91 ||  1035
       Robe              |     6 |       |       |       |       |       ||     6
Dodge: Dodged            |    34 |    32 |   112 |   233 |   125 |    65 ||   601
Block: Shield            |    67 |    59 |   213 |   452 |   219 |       ||  1010
       Large shield      |       |       |       |       |    38 |   390 ||   428

Table legend:
 A = Spawn XP
 B = Non-spawn XP
 C = Spawn XP percentage of total XP
 D = Spawn monster count
 E = Non-spawn monster count
 F = Spawn count percentage of total count
 G = Total turns spent on level
                    A         B        C        D         E        F      G
               +---------+---------+-------+---------+---------+-------+---------
         Total |       0 |  193579 |   0.0 |       0 |     833 |   0.0 | 30495
               +---------+---------+-------+---------+---------+-------+---------
           D:1 |       0 |      46 |   0.0 |       0 |      21 |   0.0 |   916
           D:2 |       0 |      38 |   0.0 |       0 |      17 |   0.0 |   711
           D:3 |       0 |      34 |   0.0 |       0 |       9 |   0.0 |   657
           D:4 |       0 |    1161 |   0.0 |       0 |      30 |   0.0 |  1121
           D:5 |       0 |    1416 |   0.0 |       0 |      34 |   0.0 |  1143
           D:6 |       0 |     840 |   0.0 |       0 |      20 |   0.0 |  1130
           D:7 |       0 |    3979 |   0.0 |       0 |      45 |   0.0 |  2642
           D:8 |       0 |    2981 |   0.0 |       0 |      54 |   0.0 |   893
           D:9 |       0 |    6249 |   0.0 |       0 |      65 |   0.0 |  2557
          D:10 |       0 |    4622 |   0.0 |       0 |      23 |   0.0 |   975
          D:11 |       0 |    8282 |   0.0 |       0 |      35 |   0.0 |  1325
          D:12 |       0 |    1999 |   0.0 |       0 |      18 |   0.0 |   653
          D:13 |       0 |   11299 |   0.0 |       0 |      37 |   0.0 |  1596
          D:14 |       0 |   18152 |   0.0 |       0 |      63 |   0.0 |  1334
          D:15 |       0 |   14948 |   0.0 |       0 |      40 |   0.0 |  1521
         Orc:1 |       0 |    1582 |   0.0 |       0 |      24 |   0.0 |  1551
         Orc:2 |       0 |   22464 |   0.0 |       0 |     119 |   0.0 |  3998
         Elf:1 |       0 |   27229 |   0.0 |       0 |      44 |   0.0 |  1635
         Elf:2 |       0 |   36957 |   0.0 |       0 |      52 |   0.0 |  1942
         Elf:3 |       0 |   29000 |   0.0 |       0 |      29 |   0.0 |  1133
         Sewer |       0 |      53 |   0.0 |       0 |      27 |   0.0 |   407
       Ossuary |       0 |     248 |   0.0 |       0 |      27 |   0.0 |   653
               +---------+---------+-------+---------+---------+-------+---------
